 Dungeon Crawl Stone Soup version 0.29-a0-284-gf9362112df (webtiles) character file.

Game seed: 14228357626852304782

28034 sokol815 the Cleaver (level 13, -1/93 HPs)
             Began as a Demonspawn Monk on Mar 23, 2022.
             Was the Champion of Lugonu.
             Slain by a death yak (23 damage)
             ... on level 4 of the Lair of Beasts.
             The game lasted 00:38:56 (16345 turns).

sokol815 the Cleaver (Demonspawn Monk)             Turns: 16345, Time: 00:38:56

Health: -1/93      AC: 13    Str: 17    XL:     13   Next: 7%
Magic:  23/23      EV: 13    Int: 11    God:    Lugonu [******]
Gold:   830        SH:  4    Dex: 18    Spells: 7/12 levels left

rFire   . . .      SeeInvis .   a - +10 broad axe of the Four Visionaries {vamp, *Rage rPois Dex+2}
rCold   . . .      Faith    .   (no shield)
rNeg    + . .      Spirit   .   W - +1 robe of Vines {NoPotionHeal Regen++++}
rPois   +          Reflect  .   V - +2 hat {Stlth+}
rElec   .          Harm     .   (no cloak)
rCorr   .          Rampage  +   (no gloves)
Will    .....      Rage     20% T - +0 pair of boots {rampage}
Stlth   +++.......              (no amulet)
HPRegen 3.45/turn               Q - +4 ring of slaying
MPRegen 0.18/turn               o - ring of positive energy {rN+}

@: on berserk cooldown, slowed, very slow
A: slimy green scales 2, demonic guardian 1, icemail 1, condensation shield,
weakness stinger 1
a: Renounce Religion, Depart the Abyss, Bend Space, Banish, Corrupt, Enter the
Abyss, Brand Weapon With Distortion


You were on level 4 of the Lair of Beasts.
You worshipped Lugonu.
Lugonu was exalted by your worship.
You visited 2 branches of the dungeon, and saw 14 of its levels.
You also visited: Sewer.

You collected 830 gold pieces.

Inventory:

Hand Weapons
 a - the +10 broad axe of the Four Visionaries (weapon) {vamp, *Rage rPois Dex+2}
   (You found it on level 2 of the Lair of Beasts)

   It occasionally heals its wielder for a portion of the damage dealt when it
   wounds a living foe.
   Dex:       It affects your dexterity (+2).
   rPois:     It protects you from poison.
   *Rage:     It berserks you when you make melee attacks (+20% chance).
 c - a +0 trident
   (You took it off an orc on level 3 of the Dungeon)
 h - a +8 hand axe of electrocution
   (You took it off Terence on level 2 of the Dungeon)
 r - a +1 dagger of freezing
   (You took it off a kobold on level 3 of the Dungeon)
 t - a +2 short sword of draining
   (You took it off Sonja on level 1 of the Lair of Beasts)
 y - a +0 longbow
   (You found it in a sewer)
 z - a +1 flail of distortion {!w}
   (You took it off an orc on level 7 of the Dungeon)
Missiles
 e - 6 silver javelins
 k - 4 atropa-tipped darts
 s - 551 stones
 x - 4 curare-tipped darts
 A - 31 poisoned darts
 L - 6 boomerangs
 Z - 3 javelins
Armour
 b - a +0 chain mail
   (You took it off an orc on level 3 of the Dungeon)
 F - a +1 leather armour of fire resistance
   (You found it on level 2 of the Lair of Beasts)
 T - a +0 pair of boots of rampaging (worn)
   (You found it on level 10 of the Dungeon)
 V - a +2 hat of stealth (worn)
   (You took it off Gastronok on level 1 of the Lair of Beasts)
 W - the +1 robe of Vines (worn) {NoPotionHeal Regen++++}
   (You found it on level 1 of the Lair of Beasts)

   Its wearer cannot be healed by potions.
   Regen:     It increases your rate of health regeneration.
Magical Staves
 g - a staff of air {rElec}
   (You found it on level 7 of the Dungeon)
Jewellery
 n - a ring of resist corrosion
   (You found it on level 10 of the Dungeon)
 o - a ring of positive energy (right hand) {rN+}
   (You took it off an orc warrior on level 7 of the Dungeon)
 P - a ring of poison resistance {rPois, !d}
   (You took it off a kobold on level 10 of the Dungeon)
 Q - a +4 ring of slaying (left hand)
   (You found it on level 2 of the Dungeon)
Wands
 d - a wand of digging (3)
   (You found it on level 2 of the Lair of Beasts)
 i - a wand of iceblast (13)
   (You found it on level 5 of the Dungeon)
 p - a wand of paralysis (5)
   (You took it off Sonja on level 1 of the Lair of Beasts)
 q - a wand of flame (20)
   (You found it on level 2 of the Dungeon)
Scrolls
 m - 3 scrolls of brand weapon
 u - 4 scrolls of amnesia
 D - 2 scrolls of blinking {!r}
 E - 3 scrolls of fear
 K - a scroll of immolation {!r}
 O - a scroll of silence
 X - 2 scrolls of magic mapping {@r4!r}
 Y - 3 scrolls of teleportation {@r3}
Potions
 f - a potion of flight {unknown}
 l - 2 potions of attraction {!q}
 B - a potion of brilliance
 C - a potion of berserk rage {unknown}
 G - 2 potions of ambrosia {!q}
 H - 7 potions of haste
 I - a potion of invisibility
 J - 5 potions of curing {@q1}
 M - 3 potions of might
 N - 3 potions of heal wounds {@q2}
 R - a potion of resistance
 S - 2 potions of lignification {!q}
 U - 3 potions of mutation {!q}
Miscellaneous
 v - a lightning rod (4/4)
   (You found it on level 3 of the Lair of Beasts)
 w - a phial of floods
   (You found it on level 3 of the Lair of Beasts)


   Skills:
 - Level 6.0 Fighting
 * Level 14.8 Axes
 - Level 3.7 Armour
 - Level 2.6 Dodging
 - Level 1.7 Stealth
 * Level 9.1 Translocations
 * Level 13.4 Invocations


You had 7 spell levels left.
You knew the following spells:

 Your Spells              Type           Power      Damage    Failure   Level
a - Manifold Assault      Tloc           20%        N/A       24%         5

Your spell library contained the following spells:

 Spells                   Type           Power      Damage    Failure   Level
 Blink                    Tloc           40%        N/A       1%          2
 Lesser Beckoning         Tloc           20%        N/A       2%          3
 Shock                    Conj/Air       0%         1d3       34%         1
 Sting                    Tmut/Pois      0%         1d3       34%         1
 Poisonous Vapours        Pois/Air       0%         N/A       47%         2
 Inner Flame              Hex/Fire       0%         N/A       71%         3
 Ozocubu's Armour         Ice            0%         N/A       71%         3
 Swiftness                Air            0%         N/A       71%         3
 Airstrike                Air            0%         N/A       98%         4
 Cause Fear               Hex            0%         N/A       98%         4
 Olgreb's Toxic Radiance  Pois           0%         N/A       98%         4
 Metabolic Englaciation   Hex/Ice        0%         N/A       100%        5
 Simulacrum               Ice/Necr       0%         N/A       100%        6
 Discord                  Hex            0%         N/A       100%        8


Dungeon Overview and Level Annotations

Branches:
Dungeon (10/15)            Temple (0/1) D:7            Lair (4/6) D:9
  Swamp (0/4) Lair:2       Spider (0/4) Lair:2        Sewer (visited)
    Orc: D:9-12

Altars:
Cheibriados
Dithmenos
Gozag
Makhleb
Nemelex Xobeh
Okawaru
Ru
Sif Muna
Uskayaw
Vehumet
Xom
Lugonu

Shops:
D:4 [

Annotations:
D:4 1 runed translucent door, Crazy Yiuf
D:6 3 runed translucent doors, Zonian's ghost, novice VSIE; being54's ghost, novice GrFi


Innate Abilities, Weirdness & Mutations

You are mostly covered in slimy green scales. (AC +3)
A weak demonic guardian rushes to your aid.
A meltable icy envelope protects you from harm. (AC +4)
A meltable shield of frost defends you. (SH +4)
You have a small tail.


Message History

s - 551 stones (gained 15)
Your iron imp disappears in a puff of smoke!
You recover from your berserk rage.
A cane toad comes into view.
Health restored: 93 A cane toad is nearby!
You hit the cane toad.
You tail-slap the cane toad, but do no damage.
The cane toad stings you but does no damage.
You slash the cane toad! You tail-slap the cane toad. The cane toad misses you.
You hit the cane toad. The cane toad stings you!
You take 17 damage, and have 76/93 hp.
You completely miss the cane toad. You tail-slap the cane toad.
The cane toad stings you.
You regained 2 hp, and now have 78/93 hp.
A red film seems to cover your vision as you go berserk!
You feel yourself moving faster!
You feel mighty!
You slash the cane toad!
You feel better. The cane toad barely misses you.
You now have 126/139 hp.
You slice the cane toad!!
You feel better.
You kill the cane toad!
Lugonu accepts your kill.
You regained 5 hp, and now have 131/139 hp.
You regained 2 hp, and now have 133/139 hp.
You feel a strong urge to attack something.
You regained 3 hp, and now have 136/139 hp.
You regained 2 hp, and now have 138/139 hp.
You feel your anger nearly subside.
You are no longer berserk.
You are exhausted.
You feel yourself slow down.
You now have 93/93 hp.
You now have 830 gold pieces (gained 15).
A death yak comes into view.
A death yak comes into view.
You rampage towards the death yak!
A death yak comes into view. x2
The death yak bellows! x2; You hear a bellow! x2
A death yak comes into view. x2; A cane toad comes into view.
The death yak bellows!
You rampage towards the death yak!
The cane toad gives a loud, deep croak!
You hit the death yak.
You tail-slap the death yak, but do no damage.
The death yak gores you!!
You take 22 damage, and have 71/93 hp.
MASSIVE DAMAGE!!
You slice the death yak!!
You feel better.
You slash the death yak! You block the death yak's attack.
The death yak gores you.
A demonic guardian appears!
You regained 9 hp, and now have 80/93 hp.
You slash the death yak! x2; You hit the death yak but do no damage.
The death yak barely misses you.
The death yak gores the plant!!
The plant begins to die.
The death yak gores you. The death yak gores you!
The death yak barely misses you.
The death yak gores the plant!!
You take 14 damage, and have 66/93 hp.
You hit the death yak.
You feel better.
You slash the death yak! x3
You feel better.
Your hellwing barely misses the death yak.
Your hellwing hits the death yak. The death yak gores you!
The death yak gores the plant!
The death yak closely misses you. You block the death yak's attack.
The death yak completely misses you.
You slash the death yak!
You feel better.
You tail-slap the death yak. You hit the death yak but do no damage.
You barely miss the death yak. You hit the death yak but do no damage.
You slash the death yak!
You feel better.
Your hellwing barely misses the death yak.
Your hellwing closely misses the death yak.
The death yak gores you! The death yak gores you. The death yak gores you! x2
You take 17 damage, and have 50/93 hp.
You are too injured to fight recklessly!
You are too injured to fight recklessly!
You are too injured to fight recklessly!
You slash the death yak!
You feel better.
You punch the death yak, but do no damage.
You slash the death yak! You hit the death yak. x3
The cane toad stings the plant!
Your hellwing hits the death yak. x2
The death yak gores you!!
The death yak gores you but does no damage.
The death yak gores you! x2
* * * LOW HITPOINT WARNING * * *
The death yak gores your hellwing!
The cane toad stings the plant!!
Your hellwing hits the death yak!
Your hellwing hits the death yak but does no damage.
The death yak gores you but does no damage.
The death yak gores you.
* * * LOW HITPOINT WARNING * * *
The death yak misses you. The death yak gores you.
* * * LOW HITPOINT WARNING * * *
The death yak gores your hellwing!
You take 32 damage, and have 18/93 hp.
MASSIVE DAMAGE!!
You slash the death yak!
You feel better.
You kill the death yak!
Lugonu accepts your kill.
You hit the death yak.
You feel better.
You slash the death yak! You slice the death yak!!
You feel better.
You barely miss the death yak.
A nearby plant withers and dies.
The death yak gores you!!
* * * LOW HITPOINT WARNING * * *
The death yak gores you!!
You die...

.#PP#.##..# #####.#...##
...... #..........#
...... ...........#
...... P..........##
#...... #......+...P###
.#.....
......##...##P###.......
####...#........YY......
P##.##.........4@YY.....
................†Y......
.##..##..##.P#.P#FP##P##
### ##############


You could see 5 death yaks, a cane toad and a friendly hellwing (summoned).

Vanquished Creatures
  Gastronok (Lair:1)
  Josephine (D:10)
  A boulder beetle (Lair:3)
  A catoblepas (Lair:3)
  A centaur warrior (D:10)
  A two-headed ogre (D:9)
  4 death yaks
  Sonja (Lair:1)
  An oklob plant (Lair:1)
  2 black mambas
  7 cane toads
  9 komodo dragons
  2 rime drakes (Lair:3)
  The ghost of Palms the Skirmisher, an amateur OgGl (D:5)
  A hornet (D:9)
  Grinder (D:3)
  7 blink frogs (Lair:4)
  Sigmund (D:2)
  3 wraiths (D:10)
  5 wyverns
  19 yaks
  3 basilisks
  Menkaure (D:4)
  2 acid dragons
  12 water moccasins
  5 ice beasts
  6 sky beasts
  3 orc warriors
  11 wolves
  2 centaurs
  3 ogres
  2 phantoms
  4 kobold brigands
  11 bullfrogs
  A scorpion (D:3)
  11 killer bees (D:9)
  3 electric eels
  4 howler monkeys
  A hound (D:6)
  2 jellies
  2 gnoll shamans
  8 orc priests
  An iron imp (D:7)
  Ijyb (D:5)
  6 iguanas
  9 orc wizards
  19 adders
  6 gnolls
  A river rat (D:5)
  2 shadow imps
  A white imp (D:8)
  An ufetubus (D:5)
  3 worms
  45 orcs
  14 ball pythons
  4 bats (D:3)
  9 endoplasms
  6 giant cockroaches (Sewer)
  17 goblins
  8 hobgoblins
  11 jackals
  10 quokkas
  12 frilled lizards
  23 kobolds
  5 rats
381 creatures vanquished.

Vanquished Creatures (collateral kills)
  A blink frog (Lair:4)
  A wolf (Lair:4)
  A centaur (D:5)
  An orc priest (D:6)
  Terence (D:2)
  A gnoll (D:4)
  An orc (D:6)
7 creatures vanquished.

Vanquished Creatures (others)
  11 fungi
  22 plants
  5 withered plants (D:6)
38 creatures vanquished.

Grand Total: 426 creatures vanquished

Notes
Turn   | Place    | Note
-------+----------+-------------------------------------------
     0 | D:1      | sokol815 the Demonspawn Monk began the quest for the Orb.
     0 | D:1      | Reached XP level 1. HP: 18/18 MP: 1/1
     4 | D:1      | Noticed a floating eye
   127 | D:1      | Reached skill level 3 in Axes
   390 | D:1      | Gained mutation: A weak demonic guardian rushes to your
                  | aid. [demonic ancestry]
   390 | D:1      | Reached XP level 2. HP: 20/24 MP: 2/2
   415 | D:1      | HP: 6/24 [jackal (1)]
   704 | D:1      | Found a faded altar of an unknown god.
   705 | D:1      | Noticed a shining eye
   713 | D:1      | Noticed a golden eye
   713 | D:1      | Noticed a golden eye
   767 | D:1      | Prayed at the altar of an unknown god.
   767 | D:1      | Became a worshipper of Lugonu the Unformed
   767 | D:1      | Reached * piety under Lugonu
   767 | D:1      | Reached ** piety under Lugonu
   767 | D:1      | Reached *** piety under Lugonu
  1437 | D:2      | Reached skill level 1 in Invocations
  1442 | D:2      | Noticed Terence
  1451 | D:2      | HP: 6/24 [Terence/+2 vorpal hand axe (7)]
  1452 | D:2      | HP: 2/24 [Terence/+2 vorpal hand axe (2)]
  1453 | D:2      | Killed Terence
  1454 | D:2      | Reached skill level 2 in Invocations
  1454 | D:2      | Reached XP level 3. HP: 2/29 MP: 2/4
  1860 | D:2      | Reached XP level 4. HP: 35/35 MP: 4/6
  1863 | D:2      | Reached skill level 3 in Invocations
  1929 | D:2      | Reached skill level 4 in Axes
  2220 | D:2      | Noticed Sigmund
  2227 | D:2      | Killed Sigmund
  2227 | D:2      | Reached **** piety under Lugonu
  2228 | D:2      | Reached skill level 5 in Invocations
  2228 | D:2      | Gained mutation: You are partially covered in slimy green
                  | scales. (AC +2) [demonic ancestry]
  2228 | D:2      | Reached XP level 5. HP: 32/41 MP: 6/8
  2228 | D:2      | Gained mutation: A meltable shield of frost defends you.
                  | (SH +4) [demonic ancestry]
  2228 | D:2      | Reached XP level 6. HP: 37/47 MP: 6/9
  2315 | D:2      | Reached skill level 5 in Axes
  2725 | D:3      | Noticed Grinder
  2730 | D:3      | Paralysed by Grinder for 5 turns
  2741 | D:3      | Killed Grinder
  2742 | D:3      | Reached skill level 6 in Invocations
  3111 | D:3      | Reached skill level 7 in Invocations
  3111 | D:3      | Reached XP level 7. HP: 52/52 MP: 10/12
  3445 | D:4      | Noticed Menkaure
  3629 | D:4      | Found Girat's Antique Armour Shop.
  3765 | D:4      | Learned a level 5 spell: Manifold Assault
  4135 | D:4      | Reached ***** piety under Lugonu
  4136 | D:4      | Reached skill level 6 in Axes
  4136 | D:4      | Reached skill level 8 in Invocations
  4218 | D:4      | Killed Menkaure
  4292 | D:4      | Reached XP level 8. HP: 43/58 MP: 14/14
  4457 | D:4      | Found a runed translucent door.
  4458 | D:4      | Noticed Crazy Yiuf
  4535 | D:4      | Reached skill level 9 in Invocations
  4914 | D:5      | Entered Level 5 of the Dungeon
  5343 | D:5      | Reached skill level 10 in Invocations
  5382 | D:5      | Reached skill level 7 in Axes
  5640 | D:5      | Found a runed translucent door.
  5688 | D:5      | Noticed Palms's ghost (amateur OgGl)
  5705 | D:5      | Found a runed translucent door.
  5709 | D:5      | Found an opulent altar of Gozag.
  5997 | D:5      | Noticed Ijyb
  6015 | D:5      | Killed Ijyb
  6126 | D:5      | Found a hide-covered altar of Uskayaw.
  6138 | D:5      | Reached skill level 8 in Axes
  6217 | D:5      | Found a shimmering altar of Xom.
  6220 | D:5      | Found a sparkling altar of Nemelex Xobeh.
  6402 | D:5      | Killed Palms's ghost
  6403 | D:5      | Gained mutation: A meltable icy envelope protects you from
                  | harm. (AC +4) [demonic ancestry]
  6403 | D:5      | Reached XP level 9. HP: 42/63 MP: 16/16
  6622 | D:6      | Found a sacrificial altar of Ru.
  6667 | D:6      | Found a runed translucent gate.
  6667 | D:6      | Found a runed translucent gate.
  6667 | D:6      | Found a runed translucent gate.
  6671 | D:6      | Noticed being54's ghost (novice GrFi)
  6671 | D:6      | Noticed Zonian's ghost (novice VSIE)
  6696 | D:6      | Reached skill level 9 in Axes
  6738 | D:6      | Found a glowing drain.
  6765 | Sewer    | Entered a sewer
  7686 | D:6      | Reached skill level 10 in Axes
  7773 | D:6      | Found a shadowy altar of Dithmenos.
  8036 | D:7      | Found a staircase to the Ecumenical Temple.
  8046 | D:7      | Reached skill level 11 in Axes
  8323 | D:7      | Reached XP level 10. HP: 70/70 MP: 17/17
  8677 | D:7      | Found a snail-covered altar of Cheibriados.
  8786 | D:8      | Reached ****** piety under Lugonu
  9354 | D:8      | Found a shimmering blue altar of Sif Muna.
  9977 | D:9      | Found a radiant altar of Vehumet.
 10194 | D:9      | Reached skill level 12 in Axes
 10515 | D:9      | Noticed a two-headed ogre
 10522 | D:9      | Killed a two-headed ogre
 10747 | D:9      | Found an iron altar of Okawaru.
 10762 | D:9      | Reached skill level 13 in Axes
 10982 | D:9      | Found a staircase to the Lair.
 11227 | D:10     | Entered Level 10 of the Dungeon
 11269 | D:10     | Noticed a centaur warrior
 11283 | D:10     | Killed a centaur warrior
 11476 | D:10     | Noticed Josephine
 11506 | D:10     | Reached skill level 14 in Axes
 11515 | D:10     | Killed Josephine
 11516 | D:10     | Reached skill level 1 in Armour
 11516 | D:10     | Reached skill level 1 in Translocations
 11516 | D:10     | Reached XP level 11. HP: 26/75 MP: 18/18
 11900 | D:10     | Reached skill level 2 in Translocations
 12135 | D:10     | Reached skill level 2 in Armour
 12135 | D:10     | Reached skill level 3 in Translocations
 12137 | D:10     | Reached skill level 4 in Fighting
 12766 | D:10     | Found a burning altar of Makhleb.
 12766 | D:10     | Noticed a green death
 12861 | Lair:1   | Entered Level 1 of the Lair of Beasts
 12905 | Lair:1   | Found the +1 robe of Vines {NoPotionHeal Regen++++}
 12906 | Lair:1   | Noticed a four-headed hydra
 12907 | Lair:1   | Noticed a five-headed hydra
 12921 | Lair:1   | HP: 16/77 [six-headed hydra (5)]
 12921 | Lair:1   | HP: 4/77 [six-headed hydra (9)]
 12929 | Lair:1   | Banished a six-headed hydra
 12930 | Lair:1   | Reached skill level 4 in Translocations
 12937 | Lair:1   | Noticed an oklob plant
 13266 | D:9      | Banished a four-headed hydra
 13267 | D:9      | Reached skill level 3 in Armour
 13501 | Lair:1   | Reached skill level 5 in Fighting
 13501 | Lair:1   | Reached skill level 5 in Translocations
 13538 | Lair:1   | Killed an oklob plant
 13823 | Lair:1   | Reached skill level 6 in Translocations
 13884 | Lair:1   | You fall into a shaft and drop 1 floor!
 13891 | Lair:2   | Noticed an eight-headed hydra
 14053 | Lair:1   | Reached skill level 6 in Fighting
 14053 | Lair:1   | Gained mutation: You are mostly covered in slimy green
                  | scales. (AC +3) [demonic ancestry]
 14053 | Lair:1   | Reached XP level 12. HP: 83/88 MP: 19/19
 14120 | Lair:1   | Noticed Gastronok
 14135 | Lair:1   | Killed Gastronok
 14136 | Lair:1   | Reached skill level 7 in Translocations
 14187 | Lair:1   | Noticed Sonja
 14192 | Lair:1   | Paralysed by Sonja for 4 turns
 14203 | Lair:1   | Killed Sonja
 14204 | Lair:1   | Reached skill level 11 in Invocations
 14742 | Lair:2   | Found a hole to the Spider Nest.
 14743 | Lair:2   | Banished an eight-headed hydra
 14861 | Lair:2   | Identified the +10 broad axe of the Four Visionaries {vamp,
                  | *Rage rPois Dex+2}
 15033 | Lair:2   | Found a staircase to the Swamp.
 15239 | Lair:2   | Noticed a death yak
 15241 | Lair:2   | Noticed a death yak
 15241 | Lair:2   | Noticed a death yak
 15256 | Lair:2   | Killed a death yak
 15262 | Lair:2   | Killed a death yak
 15263 | Lair:2   | Reached skill level 8 in Translocations
 15263 | Lair:2   | Reached skill level 12 in Invocations
 15267 | Lair:2   | Killed a death yak
 15470 | Lair:3   | Noticed a boulder beetle
 15503 | Lair:3   | Killed a boulder beetle
 15949 | Lair:3   | Noticed a catoblepas
 15959 | Lair:3   | Killed a catoblepas
 15960 | Lair:3   | Reached skill level 13 in Invocations
 16257 | Lair:4   | Reached skill level 9 in Translocations
 16259 | Lair:4   | Gained mutation: You have a small tail. [demonic ancestry]
 16259 | Lair:4   | Reached XP level 13. HP: 93/93 MP: 22/22
 16344 | Lair:4   | HP: 21/93 [death yak (4)]
 16345 | Lair:4   | Slain by a death yak

Illustrated notes

Levels and vault maps discovered:
D:1:      amcnicky_arrival_blooded_trapdoor, layout_basic,
          hellmonk_ecumenical_altar_watching_god
D:2:      minmay_spotlight, layout_basic, uniq_terence, uniq_sigmund
D:3:      layout_loops_ring, minmay_between, uniq_grinder
D:4:      layout_cave_pools, serial_shops, nicolae_stop_n_shop_2,
          minmay_ogre_servants, uniq_crazy_yiuf_cottage, uniq_menkaure
D:5:      layout_cave_pods, amcnicky_altar_gilded,
          minmay_overflow_temple_star_quad, ebering_ghost_sewer_f,
          feat_on_display, uniq_ijyb
D:6:      layout_basic, overflow_temple_1_default, grunt_dithmenos_shadows,
          portal_sewer_entry_d, gammafunk_ghost_cemetery, serial_bayou_pond_e,
          dk_rats_in_the_wall
D:7:      layout_rooms, slow_altar_2, minmay_temple_entry_stoned_glass
D:8:      layout_basic, nicolae_sif_muna_little_library
D:9:      layout_roguey [special_room_orc], okawaru_trees_2, vehumet_crystals,
          lair_entry_dummy
D:10:     layout_roguey, makhleb_altar_promises_db, kennysheep_generic_room_13,
          uniq_josephine
Lair:1:   beast_lair_carwin_large_1, layout_cave_pods,
          hellmonk_guarded_unrand_vines, uniq_sonja, uniq_gastronok
Lair:2:   layout_misc_corridors, swamp_mist_pool, dummy_spider_entry
Lair:3:   layout_loops_ring, infiniplex_staircase_pool, lemuel_fruit_tree
Lair:4:   layout_regular_city, dreamdust_mushroom_princess,
          hangedman_lair_unloving_vines, evilmike_ambush
          [evilmike_ambush_outer_basic, evilmike_ambush_inner_basic],
          uniq_nergalle, uniq_urug

Skill      XL: |  1  2  3  4  5  6  7  8  9 10 11 12 |
---------------+-------------------------------------+-----
Axes           | 3 4 5 6 8 11 14 | 14.8
Invocations    | 2 5 7 8 10 13 | 13.4
Armour         | 1 3 |  3.7
Translocations | 1 6 9 |  9.1
Fighting       | 6 |  6.0
Dodging        | |  2.6
Stealth        | |  1.7

Action                   |  1- 3 |  4- 6 |  7- 9 | 10-12 | 13-15 || total
-------------------------+-------+-------+-------+-------+-------++-------
Melee: Hand axe          |    85 |    51 |   232 |   355 |       ||   723
       Punch             |     2 |       |     4 |     9 |     1 ||    16
       Broad axe         |       |       |       |   123 |    32 ||   155
       Tailslap          |       |       |       |       |    10 ||    10
Throw: Stone             |    39 |    47 |   216 |    25 |       ||   327
       Boomerang         |       |       |       |   121 |       ||   121
       Javelin           |       |       |       |     7 |       ||     7
Invok: Banish            |       |       |       |     5 |       ||     5
Evoke: Wand              |       |       |       |     9 |       ||     9
  Use: Scroll            |       |    10 |     5 |    11 |       ||    26
       Potion            |       |       |     1 |     2 |       ||     3
 Stab: Sleeping          |     1 |       |       |     9 |       ||    10
Armor: Leather armour    |    16 |       |       |       |       ||    16
       Scale mail        |     4 |     7 |       |       |       ||    11
       Chain mail        |       |     2 |   115 |    91 |       ||   208
       Robe              |       |       |       |    53 |     8 ||    61
Dodge: Dodged            |    46 |    13 |    58 |   106 |    20 ||   243
Block: Other             |       |     4 |    27 |    37 |     5 ||    73

Table legend: (Time is in decaauts)
 A = Elapsed time spent in this place.
 B = Non-inter-level travel time spent in this place.
 C = Inter-level travel time spent in this place.
 D = Time resting spent in this place.
 E = Time spent auto-exploring this place.
 F = Levels seen in this place.
 G = Mean time per level.
                   A        B        C        D        E       F      G
               +--------+--------+--------+--------+--------+-----+--------+
         Total |  16497 |  15861 |    636 |   4095 |   9170 |  15 | 1099.8 |
       Dungeon |  12756 |  12249 |    507 |   3797 |   6715 |  10 | 1275.6 |
          Lair |   2966 |   2837 |    129 |    258 |   1896 |   4 |  741.5 |
         Sewer |    774 |    774 |      0 |     39 |    559 |   1 |  774.0 |
               +--------+--------+--------+--------+--------+-----+--------+

Top non-repeatable levels by time:
     D:9: 1922 daAuts
     D:1: 1712 daAuts
     D:5: 1707 daAuts
     D:3: 1361 daAuts
    D:10: 1342 daAuts
     D:8: 1334 daAuts
  Lair:1: 1253 daAuts
     D:4: 1137 daAuts
  Lair:3: 936 daAuts
     D:7: 899 daAuts
   Sewer: 774 daAuts
     D:2: 738 daAuts
  Lair:2: 634 daAuts
     D:6: 601 daAuts
  Lair:4: 142 daAuts

Table legend:
 A = Kills in this place as a percentage of kills in entire the game.
 B = Kills by you in this place as a percentage of kills by you in the entire game.
 C = Kills by friends in this place as a percentage of kills by friends in the entire game.
 D = Other kills in this place as a percentage of other kills in the entire game.
 E = Experience gained in this place as a percentage of experience gained in the entire game.
 F = Experience gained in this place divided by the number of levels of this place that you have seen.
                   A       B       C       D       E      F
               +-------+-------+-------+-------+-------+----------------------
         Total | 100.0 | 100.0 | 100.0 | 100.0 | 100.0 | 2725.1
       Dungeon |  70.8 |  71.1 |  71.4 |  33.3 |  37.6 | 1537.6
          Lair |  21.7 |  21.3 |  28.6 |  66.7 |  61.7 | 6308.5
         Sewer |   7.4 |   7.6 |   0.0 |   0.0 |   0.7 | 266.0
               +-------+-------+-------+-------+-------+----------------------
